 Dungeon Crawl Stone Soup version 0.20.1-1-g8b1a95d (webtiles) character file.

443 vatarom the Chopper (level 6, -6/49 HPs)
             Began as a Demonspawn Chaos Knight on Sept 1, 2017.
             Killed by divine providence
             ... invoked by an orc priest
              (15 damage)
             ... on level 5 of the Dungeon.
             The game lasted 00:10:28 (3946 turns).

vatarom the Chopper (Demonspawn Chaos Knight)       Turns: 3946, Time: 00:10:30

Health: -6/49      AC:  8    Str: 12    XL:     6   Next: 71%
Magic:  6/6        EV: 11    Int: 13    God:    Xom [*.....]
Gold:   236        SH:  0    Dex: 15    Spells: 5/5 levels left

rFire    + . .     SeeInvis .   a - +1 hand axe (chaos)
rCold    . . .     Gourm    .   (no shield)
rNeg     . . .     Faith    .   b - +3 leather armour
rPois    .         Spirit   .   (helmet restricted)
rElec    .         Reflect  .   (no cloak)
rCorr    .         Harm     .   (no gloves)
MR       .....                  (boots unavailable)
Stlth    +.........             (no amulet)
Regen    0.2/turn               q - ring of wizardry
MPRegen  0.1/turn               l - ring of protection from fire

@: slowed, very slow
A: antennae 1, talons 3, thin metallic scales 1, screaming 1, evolution 1
a: Renounce Religion


You were on level 5 of the Dungeon.
You worshipped Xom.
You were a special plaything of Xom.
You were not hungry.

You visited 2 branches of the dungeon, and saw 6 of its levels.
You also visited: Sewer.

You collected 236 gold pieces.

Inventory:

Hand Weapons
 a - a +1 hand axe of chaos (weapon)
 h - a +2 short sword of draining
 t - a +0 executioner's axe
Missiles
 x - 4 tomahawks of dispersal (quivered)
Armour
 b - a +3 leather armour (worn)
 n - a +0 helmet
Jewellery
 l - a ring of protection from fire (right hand)
 q - a ring of wizardry (left hand)
Scrolls
 f - 7 scrolls of teleportation
 g - 3 scrolls of identify
 k - a scroll of enchant armour
 m - 5 scrolls of remove curse
 u - 3 scrolls of magic mapping
Potions
 e - a potion of cancellation
 j - a potion of magic
 v - a potion of brilliance
 w - 2 potions of agility
Comestibles
 c - 5 bread rations
 o - 3 fruits
 r - a royal jelly
 s - a meat ration


   Skills:
 + Level 4.5 Fighting
 - Level 0.1 Short Blades
 - Level 6.2 Axes
 - Level 1.7 Armour
 - Level 0.8 Dodging


You had 5 spell levels left.
You didn't know any spells.

Dungeon Overview and Level Annotations

Branches:
Dungeon (5/15)             Temple (1/1) D:4

Altars:
Ashenzari
Dithmenos
Fedhas
Kikubaaqudgha
Makhleb
Nemelex Xobeh
Qazlal
Ru
Trog
Uskayaw
Xom
Yredelemnul
Zin
The Shining One


Innate Abilities, Weirdness & Mutations

You have claws for feet.
You are partially covered in thin metallic scales. (AC +2)
You have a pair of small antennae on your head.
You occasionally shout uncontrollably at your foes.
You evolve.


Message History

The orc wizard shouts!
You hear a shout!
The shadow imp hits you but does no damage.
The orc wizard gestures at you while chanting.
You feel yourself slow down.
The orc priest hits you with a short sword.
* * * LOW HITPOINT WARNING * * *
Found 9 arrows.
Found a shattered altar of Ashenzari.
A giant cockroach comes into view.
You feel better.
The teleport trap disappears.
The giant cockroach disappears!
The orc priest barely misses you. The shadow imp misses you.
A crimson imp comes into view.
You feel better. The orc wizard casts a spell at you. The magic dart hits you!
* * * LOW HITPOINT WARNING * * *
The crimson imp blinks!
The shadow imp completely misses you.
The orc priest calls down the wrath of Beogh upon you.
Beogh smites you!
You die...
Xom howls with laughter!

# .#
####.###
#......
#o...##
#.##.o...#.#
#.(o@o._....
####5#..§..#
#.# ..5.#
#.§ ...# ###
###


You could see an orc priest, 2 orc wizards, a crimson imp, a shadow imp and an
orc.

Vanquished Creatures
  A hound (D:4)
  An orc priest (D:4)
  A gnoll shaman (D:3)
  An iguana (shapeshifter) (D:4)
  3 orc wizards
  2 worker ants (D:4)
  3 gnolls (D:4)
  2 adders
  2 worms
  2 leopard geckos (D:4)
  8 orcs
  5 bats
  6 giant cockroaches
  12 hobgoblins
  8 jackals
  5 quokkas
  3 ball pythons
  13 frilled lizards
  5 goblins
  4 kobolds
  7 rats
94 creatures vanquished.

Vanquished Creatures (others)
  Purgy (Sewer)
1 creature vanquished.

Grand Total: 95 creatures vanquished

Notes
Turn   | Place    | Note
-------+----------+-------------------------------------------
     0 | D:1      | vatarom the Demonspawn Chaos Knight began the quest for the Orb.
     0 | D:1      | Reached XP level 1. HP: 18/18 MP: 1/1
    15 | D:1      | XOM: harmless Fire miscast
    74 | D:1      | Reached skill level 3 in Axes
   156 | D:1      | Gained mutation: You have sharp toenails. [demonic ancestry]
   156 | D:1      | Reached XP level 2. HP: 16/24 MP: 2/2
   194 | D:1      | XOM: silly message
   217 | D:1      | XOM: harmless Conj miscast
   562 | D:1      | XOM: harmless Air miscast
   630 | D:1      | XOM: harmless Hex miscast
   677 | D:2      | XOM: noise
   793 | D:2      | Gained mutation: You have razor-sharp toenails. [demonic ancestry]
   793 | D:2      | Reached XP level 3. HP: 18/29 MP: 3/3
   841 | D:2      | XOM: harmless Fire miscast
  1143 | D:2      | Found an ancient bone altar of Kikubaaqudgha.
  1228 | D:2      | Reached skill level 4 in Axes
  1307 | D:2      | XOM: divination: detect creatures
  1355 | D:3      | XOM: god gift: executioner's axe {god gift}
  1756 | D:3      | Found a stormy altar of Qazlal.
  1799 | D:3      | XOM: cast spell 'Olgreb's Toxic Radiance'
  1836 | D:3      | XOM: divination: detect creatures
  1841 | D:3      | Reached XP level 4. HP: 35/35 MP: 4/4
  1930 | D:3      | XOM: silly message
  2093 | D:3      | Reached skill level 5 in Axes
  2216 | D:4      | XOM: divination: magic mapping
  2223 | D:4      | XOM: potion effect (curing)
  2225 | D:4      | Gained mutation: You are partially covered in thin metallic scales. (AC +2) [demonic ancestry]
  2225 | D:4      | Reached XP level 5. HP: 29/41 MP: 5/5
  2367 | D:4      | Found a sacrificial altar of Ru.
  2482 | D:4      | XOM: cloud trail
  2614 | D:4      | Found a glowing drain.
  2622 | Sewer    | Entered a sewer
  2652 | Sewer    | Noticed Purgy
  2656 | Sewer    | Gained mutation: You are frail. (-10% HP) [potion of mutation]
  2656 | Sewer    | Lost mutation: You are frail. (-10% HP) [potion of mutation]
  2656 | Sewer    | Gained mutation: You evolve. [potion of mutation]
  2656 | Sewer    | Gained mutation: You have claws for feet. [potion of mutation]
  2668 | Sewer    | Killed Purgy
  2668 | Sewer    | Reached skill level 6 in Axes
  2668 | Sewer    | XOM: divine lightning
  2898 | D:4      | XOM: harmless Tmut miscast
  2920 | D:4      | Reached XP level 6. HP: 28/47 MP: 6/6
  3157 | D:4      | Found a staircase to the Ecumenical Temple.
  3173 | Temple   | Entered the Ecumenical Temple
  3286 | D:4      | XOM: 1-stop teleportation journey
  3297 | D:4      | XOM: scenery: create altars
  3522 | D:4      | XOM: give mutations
  3522 | D:4      | Gained mutation: You have a pair of small antennae on your head. [Xom's mischief]
  3522 | D:4      | Gained mutation: You occasionally shout uncontrollably at your foes. [Xom's mischief]
  3713 | D:4      | Found a sparkling altar of Nemelex Xobeh.
  3725 | D:5      | Entered Level 5 of the Dungeon
  3905 | D:5      | Noticed an ice beast
  3928 | D:5      | XOM: medium Conj miscast
  3938 | D:5      | XOM: summons 3 hostile demons
  3944 | D:5      | Found a shattered altar of Ashenzari.
  3946 | D:5      | Killed from afar by an orc priest

Skill      XL: |  1  2  3  4  5  6 |
---------------+-------------------+-----
Axes           | 3 4 5 6 |  6.2
Fighting       | 4 |  4.5
Short Blades   | |  0.1
Armour         | |  1.7
Dodging        | |  0.8

Action                   |  1- 3 |  4- 6 || total
-------------------------+-------+-------++-------
Melee: Hand axe          |   111 |   205 ||   316
       Kick              |    15 |    51 ||    66
       Short sword       |     3 |       ||     3
       Executioner's axe |     7 |       ||     7
  Use: Scroll            |     6 |     8 ||    14
       Potion            |     3 |     5 ||     8
 Stab: Paralysed         |     1 |       ||     1
       Petrified         |       |     4 ||     4
       Petrifying        |       |     1 ||     1
  Eat: Chunk             |     3 |     7 ||    10
Armor: Leather armour    |    49 |    75 ||   124
       Skin              |       |    32 ||    32
Dodge: Dodged            |    65 |    89 ||   154
